 Dungeon Crawl Stone Soup version 0.28.0 (webtiles) character file.

Game seed: 9517677185869619272

10953 issech the Basher (level 11, -3/96 HPs)
             Began as a Troll Monk on Feb 8, 2022.
             Was an Elder of Hepliaklqana.
             Slain by an orc warrior (11 damage)
             ... on level 9 of the Dungeon.
             The game lasted 00:42:57 (10290 turns).

issech the Basher (Troll Monk)                     Turns: 10290, Time: 00:42:57

Health: -3/96      AC: 10    Str: 21    XL:     11   Next: 42%
Magic:  19/19      EV: 12    Int:  6    God:    Hepliaklqana [****..]
Gold:   757        SH:  8    Dex: 16    Spells: 10/10 levels left

rFire   . . .      SeeInvis .   z - +2 mace (drain)
rCold   . . .      Faith    .   O - +0 kite shield
rNeg    . . .      Spirit   .   V - +1 steam dragon scales
rPois   .          Reflect  .   (helmet restricted)
rElec   .          Harm     .   s - +1 cloak {rCorr}
rCorr   +          Rampage  .   (gloves unavailable)
Will    +....                   (boots unavailable)
Stlth   +++.......              (no amulet)
HPRegen 1.06/turn               e - ring of willpower
MPRegen 0.16/turn               H - ring of magical power

@: slowed, very slow
A: reduced essence, large, unfitting armour, claws 3, regeneration 1, shaggy fur
1, tough skin 1
a: Renounce Religion, Recall Ancestor, Ancestor Identity, Transference, Idealise


You were on level 9 of the Dungeon.
You worshipped Hepliaklqana.
Hepliaklqana was greatly pleased with you.
You visited 2 branches of the dungeon, and saw 10 of its levels.

You collected 757 gold pieces.

Inventory:

Hand Weapons
 k - a +4 great sword
 r - a +2 hand axe of freezing
 t - a +3 dagger of flaming
 u - a +0 whip of distortion
 v - a +0 hunting sling
 z - a +2 mace of draining (weapon)
 A - a +1 short sword of draining
 B - a +0 giant club
 E - a +0 shortbow
 L - a +0 giant spiked club
 R - a +0 dire flail
 U - a +4 trident of protection
 Y - a +2 short sword of chaos
Missiles
 c - 221 stones (quivered)
 d - 25 sling bullets
 h - 9 boomerangs
 j - 4 atropa-tipped darts
 q - 56 poisoned darts
 x - 70 bolts
 y - 227 arrows
 T - a throwing net
 Z - 8 curare-tipped darts
Armour
 s - a +1 cloak of preservation (worn)
 O - a +0 kite shield (worn)
 V - +1 steam dragon scales (worn)
Jewellery
 e - a ring of willpower (left claw)
 H - a ring of magical power (right claw)
 I - a ring of protection from cold
 P - a ring of flight
Wands
 b - a wand of acid (5)
 K - a wand of flame (27)
 M - a wand of paralysis (15)
Scrolls
 i - 2 scrolls of identify
 m - 3 scrolls of enchant weapon
 n - a scroll of blinking {unknown}
 p - 7 scrolls of teleportation
 w - 4 scrolls of vulnerability
 N - a scroll of silence
 Q - a scroll of immolation
 S - a scroll of magic mapping
 W - 3 scrolls of fog
Potions
 a - a potion of haste {unknown}
 f - a potion of brilliance {unknown}
 g - 4 potions of flight
 l - 6 potions of curing
 o - 3 potions of might
 C - 5 potions of heal wounds
 D - 2 potions of attraction {unknown}
 F - a potion of invisibility {unknown}
 G - 2 potions of mutation {unknown}
 J - a potion of degeneration {unknown}


   Skills:
 + Level 6.8 Fighting
 + Level 10.3(10.8) Maces & Flails
 + Level 4.2(7.4) Staves
 + Level 0.7 Throwing
 + Level 7.7 Dodging
 + Level 4.0 Stealth
 + Level 3.1 Shields


You had 10 spell levels left.
You didn't know any spells.
Your spell library contained the following spells:

 Spells                   Type           Power      Damage    Failure   Level
 Beastly Appendage        Tmut           0%         N/A       75%         1
 Ensorcelled Hibernation  Hex/Ice        0%         N/A       87%         2
 Passwall                 Tmut/Erth      0%         N/A       87%         2
 Wereblood                Tmut           0%         N/A       87%         2
 Dazzling Flash           Conj/Hex       0%         N/A       98%         3
 Gell's Gravitas          Tloc           0%         N/A       98%         3
 Lesser Beckoning         Tloc           0%         N/A       98%         3
 Spider Form              Tmut/Pois      0%         N/A       98%         3
 Stone Arrow              Conj/Erth      0%         3d7       98%         3
 Swiftness                Air            0%         N/A       98%         3
 Teleport Other           Tloc           0%         N/A       98%         3
 Animate Armour           Summ/Erth      0%         N/A       100%        4
 Iskenderun's Mystic Bla  Conj/Tloc      0%         2d3       100%        4
 Starburst                Conj/Fire      0%         6d3       100%        6
 Lehudib's Crystal Spear  Conj/Erth      0%         10d2      100%        8


Dungeon Overview and Level Annotations

Branches:
Dungeon (9/15)             Temple (1/1) D:6            Lair (0/6) D:9
    Orc: D:9-12

Altars:
Ashenzari
Cheibriados
Dithmenos
Elyvilon
Fedhas
Gozag
Hepliaklqana
Kikubaaqudgha
Makhleb
Nemelex Xobeh
Okawaru
Qazlal
Ru
Sif Muna
Trog
Uskayaw
Vehumet
Wu Jian
Xom
Yredelemnul
Zin
The Shining One

Shops:
D:4 :?[   D:8 *

Annotations:
D:8 2 transporters, pkoi's ghost, novice MiFi


Innate Abilities, Weirdness & Mutations

Your life essence is reduced to manifest your ancestor. (-10% HP)
You are too large for most types of armour.
You have claws for hands.
Your natural rate of healing is unusually fast.
You are covered in fur. (AC +1)
You have tough skin. (AC +1)


Message History

The sentinel's mark upon you fades away.
You feel very sick.
The orc warrior hits you with a +0 hand axe.
You feel very sick.
You feel sick.
The kobold brigand throws a curare-tipped dart.
The curare-tipped dart hits you.
You are more poisoned.
You have difficulty breathing.
You feel as though you will be slow longer.
You block the orc warrior's attack.
You feel extremely sick.
The orc priest calls down the wrath of Beogh upon you.
You easily resist.
You feel very sick.
The orc warrior hits you with a +0 hand axe!
* * * LOW HITPOINT WARNING * * *
You feel very sick.
A gnoll sergeant comes into view. It is wielding a +0 vorpal spear.
The kobold brigand throws a poisoned dart.
The poisoned dart closely misses you.
There is an open door here.
You feel sick.
The orc priest mumbles some strange prayers to Beogh against you.
Beogh smites you!
* * * LOW HITPOINT WARNING * * *
You block the orc warrior's attack.
You feel sick.
Things that are here:
a +0 buckler; a +0 scale mail You feel sick.
Things that are here:
a +0 robe; a +0 dagger; a kobold skeleton You feel sick.
The orc warrior hits you but does no damage.
You feel sick.
You are no longer poisoned.
There is a stone staircase leading up here.
The orc warrior hits you with a +0 hand axe!
You die...

#.#............'.##.[..#........
##.#............#.##....#........
...#............#.##....##'##....
...#............#.##........#.[..
...#'#######....#[##.......###...
...........#....#.##....[...###..
...........######.##..........#..
.................o[OoK........#..
.........#.....)@####'##......#..
.........#...#...#....)########..
.............#...#.....O.....##..
...##'#####..#...#.......g...####
...#......#......#.....K.og>.#...
...#<.....#......#...........#.#.
...#......#......########....'.#.
...#......####'##########....#.#.
...#########..........##.....#[o.


You could see a two-headed ogre, an orc warrior, a kobold brigand and an orc
priest.

Vanquished Creatures
  An ogre mage (D:9)
  A two-headed ogre (D:9)
  A kobold demonologist (D:9)
  A troll (D:9)
  A steam dragon (D:7)
  Menkaure (D:6)
  3 wargs
  A water moccasin (D:5)
  An orc warrior (D:9)
  Duvessa (D:5)
  2 black bears
  An ice beast (D:6)
  2 ogres
  3 centaurs
  6 kobold brigands
  2 scorpions
  A gnoll sergeant (D:9)
  Dowan (D:5)
  A wyvern skeleton (D:3)
  4 water moccasin skeletons
  7 howler monkeys
  3 hounds
  2 centaur zombies
  2 gnoll shamans (D:9)
  A jelly (D:5)
  6 orc priests
  Crazy Yiuf (D:2)
  2 centaur skeletons
  Jessica (D:2)
  Ijyb (D:3)
  Natasha (thrice) (D:2)
  2 iguanas
  5 orc wizards
  Robin (D:4)
  2 gnolls (D:1)
  8 adders
  A howler monkey skeleton (D:5)
  2 shadow imps (D:6)
  A white imp (D:7)
  An ufetubus (D:3)
  2 adder skeletons (D:3)
  An adder zombie (D:3)
  4 dart slugs
  13 orcs
  7 ball pythons
  6 bats
  8 endoplasms
  8 giant cockroaches
  10 goblins
  13 hobgoblins
  4 jackals
  10 quokkas
  2 ball python skeletons (D:3)
  A ball python zombie (D:3)
  3 frilled lizards
  A giant cockroach zombie (D:3)
  13 kobolds
  6 rats
199 creatures vanquished.

Vanquished Creatures (collateral kills)
  A two-headed ogre (D:6)
  Maurice (D:9)
  An elephant (D:9)
  The ghost of Sanktem7 the Quickloader, a novice GrWn (D:7)
  A gargoyle (D:6)
  2 kobold demonologists (D:9)
  A wyvern (D:9)
  5 wargs (D:9)
  2 hell hounds (D:9)
  2 black bears
  3 orc warriors (D:9)
  2 centaurs
  A phantom (D:6)
  10 kobold brigands
  A gnoll sergeant (D:9)
  4 wights (D:9)
  7 howler monkeys
  A crimson imp (D:7)
  A jelly (D:6)
  4 orc priests
  2 gnoll shamans (D:9)
  5 orc wizards
  A shadow imp (D:8)
  A white imp (D:8)
  7 orcs
  A kobold (D:7)
68 creatures vanquished.

Vanquished Creatures (others)
  4 battlemagi
  35 plants
39 creatures vanquished.

Grand Total: 306 creatures vanquished

Notes
Turn   | Place    | Note
-------+----------+-------------------------------------------
     0 | D:1      | issech the Troll Monk began the quest for the Orb.
     0 | D:1      | Reached XP level 1. HP: 22/22 MP: 0/0
   174 | D:1      | Reached XP level 2. HP: 23/29 MP: 1/1
   279 | D:1      | Reached skill level 3 in Maces & Flails
   282 | D:1      | Reached XP level 3. HP: 12/36 MP: 2/2
   322 | D:1      | Found a faded altar of an unknown god.
  1035 | D:2      | Noticed Natasha
  1036 | D:2      | Noticed Jessica
  1042 | D:2      | Killed Natasha
  1043 | D:2      | Reached XP level 4. HP: 43/44 MP: 3/3
  1047 | D:2      | Killed Jessica
  1279 | D:2      | Reached skill level 4 in Maces & Flails
  1279 | D:2      | Reached XP level 5. HP: 47/53 MP: 4/4
  1380 | D:2      | Noticed Natasha
  1395 | D:2      | Killed Natasha
  1688 | D:2      | Noticed Natasha
  1699 | D:2      | Killed Natasha
  1843 | D:3      | Noticed Ijyb
  1871 | D:3      | Killed Ijyb
  1953 | D:3      | Reached XP level 6. HP: 37/61 MP: 5/5
  2055 | D:3      | Found an ornate altar of the Wu Jian Council.
  2501 | D:3      | Found a runed translucent door.
  2502 | D:3      | Noticed Crazy Yiuf
  2606 | D:2      | HP: 1/60 [Crazy Yiuf (8)]
  2762 | D:2      | Killed Crazy Yiuf
  3253 | D:4      | Found Moprewn Ehey's Magic Scroll Shop.
  3256 | D:4      | Noticed Robin
  3314 | D:4      | Killed Robin
  3357 | D:4      | Found Soij's Book Shop.
  3497 | D:4      | Reached skill level 5 in Maces & Flails
  3819 | D:4      | Reached skill level 1 in Staves
  3819 | D:4      | Reached XP level 7. HP: 61/68 MP: 6/6
  3836 | D:4      | Found a radiant altar of Vehumet.
  4118 | D:4      | Found a sparkling altar of Nemelex Xobeh.
  4120 | D:4      | Found a burning altar of Makhleb.
  4123 | D:4      | Found a sacrificial altar of Ru.
  4208 | D:4      | Found Akini Batz's Antique Armour Boutique.
  4727 | D:5      | Entered Level 5 of the Dungeon
  4895 | D:5      | Reached XP level 8. HP: 76/78 MP: 7/7
  5446 | D:5      | Noticed Duvessa
  5446 | D:5      | Noticed Dowan
  5466 | D:5      | Killed Duvessa
  5467 | D:5      | Reached skill level 5 in Dodging
  5472 | D:5      | Killed Dowan
  5811 | D:6      | Noticed Menkaure
  5832 | D:5      | Reached skill level 6 in Maces & Flails
  5921 | D:6      | Killed Menkaure
  6072 | D:6      | Reached skill level 5 in Fighting
  6137 | D:6      | Reached XP level 9. HP: 84/88 MP: 8/8
  6212 | D:6      | Found a staircase to the Ecumenical Temple.
  6223 | Temple   | Entered the Ecumenical Temple
  6438 | Temple   | Became a worshipper of Hepliaklqana the Forgotten
  6438 | Temple   | Reached * piety under Hepliaklqana
  6438 | Temple   | Reached ** piety under Hepliaklqana
  6439 | Temple   | Remembered your ancestor Gnaeus as a battlemage
  6781 | D:6      | Noticed a two-headed ogre
  6792 | D:6      | Killed a two-headed ogre
  6793 | D:6      | Reached skill level 7 in Maces & Flails
  6801 | D:6      | Noticed a gargoyle
  6820 | D:6      | Killed a gargoyle
  7418 | D:7      | Reached skill level 8 in Maces & Flails
  7611 | D:7      | Found a runed translucent gate.
  7615 | D:7      | Found a runed translucent gate.
  7616 | D:7      | Found a runed translucent gate.
  7617 | D:7      | Noticed Sanktem7's ghost (novice GrWn)
  7960 | D:7      | Reached XP level 10. HP: 80/88 MP: 9/9
  7975 | D:7      | Killed Sanktem7's ghost
  8201 | D:8      | Found Hymon's Demolitions Depot.
  8367 | D:8      | Noticed a moth of wrath
  8368 | D:8      | Noticed pkoi's ghost (novice MiFi)
  8370 | D:8      | Noticed a two-headed ogre
  8371 | D:8      | Found a bloodstained altar of Trog.
  8430 | D:8      | Reached *** piety under Hepliaklqana
  8585 | D:8      | Reached skill level 1 in Shields
  8592 | D:8      | Found a transporter.
  8597 | D:8      | Found a transporter.
  9000 | D:9      | Noticed Maurice
  9008 | D:9      | Killed Maurice
  9009 | D:9      | Reached skill level 9 in Maces & Flails
  9329 | D:9      | Noticed an elephant
  9340 | D:9      | Killed an elephant
  9357 | D:9      | Found a staircase to the Lair.
  9514 | D:9      | Noticed an ogre mage
  9523 | D:9      | Killed an ogre mage
  9524 | D:9      | Reached XP level 11. HP: 33/96 MP: 10/10
  9693 | D:9      | Reached **** piety under Hepliaklqana
  9910 | D:9      | Reached skill level 10 in Maces & Flails
  9955 | D:9      | Noticed a two-headed ogre
  9956 | D:9      | Noticed a sun demon
 10064 | D:9      | Killed a two-headed ogre
 10264 | D:9      | Noticed a two-headed ogre
 10266 | D:9      | Noticed a two-headed ogre
 10290 | D:9      | Slain by an orc warrior

Illustrated notes

Levels and vault maps discovered:
D:1:      psy_arrival_conway, layout_basic,
          hellmonk_ecumenical_altar_dog_temple, chequers_serial_rivers_micro_a,
          minmay_tetromino_l4
D:2:      layout_basic, uniq_natasha, uniq_jessica
D:3:      wad_woods_stonehenge, layout_basic, serial_undead, serial_undead_c,
          serial_undead_b, serial_undead_a, serial_undead_c, serial_undead_a,
          serial_undead_e, serial_undead_b, uniq_ijyb, uniq_crazy_yiuf_cottage
D:4:      layout_layer_cave, grunt_temple_overflow_diamond,
          amcnicky_altar_gilded, serial_shops, nicolae_shop_waterfront, shop,
          nicolae_stop_n_shop_1, uniq_robin
D:5:      layout_loops_ring, serial_glass, glass_columns_a, glass_columns_c,
          glass_columns_a, glass_columns_a, glass_columns_a, glass_columns_a,
          item_on_display_a, item_on_display_a, uniq_duvessa
D:6:      minmay_chambers_of_sixes, layout_rooms, minmay_temple_entry_fiery,
          grunt_ministairs_11, minivault_5, uniq_menkaure
D:7:      layout_loops_ring, gammafunk_ghost_nasty_kobolds,
          minmay_fire_ice_demons
D:8:      layout_basic, gammafunk_ghost_wrathful_warriors,
          chequers_decorated_corner, nicolae_blasting_shop, glass_columns_a,
          grunt_ministairs_1
D:9:      lemuel_castle_with_subvaults [lemuel_castle_interior_original],
          layout_stronghold, david_lair_generic, hangedman_glass_teeth,
          chequers_serial_rivers_micro_b, uniq_maurice
Temple:   dpeg_five_rooms_temple

Skill      XL: |  1  2  3  4  5  6  7  8  9 10 11 |
---------------+----------------------------------+-----
Maces & Flails | 3 4 5 6 8 9 10 | 10.3
Dodging        | 3 4 5 6 7 |  7.7
Fighting       | 3 4 5 6 |  6.8
Staves         | 1 3 4 |  4.2
Stealth        | 2 3 4 |  4.0
Shields        | 2 3 |  3.1
Throwing       | |  0.7

Action                   |  1- 3 |  4- 6 |  7- 9 | 10-12 || total
-------------------------+-------+-------+-------+-------++-------
Melee: Mace              |   124 |   209 |   224 |   221 ||   778
       Punch             |     3 |     6 |     1 |       ||    10
       Quarterstaff      |       |    81 |    34 |       ||   115
Throw: Stone             |       |       |     1 |       ||     1
Invok: Ancestor Life: Ba |       |       |     1 |       ||     1
  Use: Scroll            |       |     1 |     7 |     5 ||    13
 Stab: Sleeping          |       |       |     1 |     1 ||     2
       Distracted        |       |       |     1 |     4 ||     5
Armor: Robe              |    74 |   123 |   106 |       ||   303
       Steam dragon scal |       |       |     8 |    71 ||    79
Dodge: Dodged            |   105 |   206 |   144 |   127 ||   582
Block: Kite shield       |       |       |    26 |    93 ||   119
